Map: Tempio ghiacciato

Players

Psychothrill - Winner!

  • Race: Terran Terran
  • League: Silver

Jhyrachy

  • Race: Zerg Zerg
  • League: Silver

VOD

Have the link to the VOD?

Description

Time

  • Played on: April 5, 2016, 6:59 p.m.
  • Length: 16:57
Show
View Real Time Build Order
Export as new Build Order

Psychothrill Terran - Winner!

Build Orders: Mech 

Get SALT Encoding   

  12  0:01  SCV  
  13  0:13  SCV  
  14  0:18  Supply Depot  
  14  0:25  SCV  
  15  0:40  SCV  
  16  0:47  Barracks  
  16  0:49  Refinery  
  16  0:52  SCV  
  17  1:04  SCV  
  18  1:16  SCV  
  19  1:28  SCV  
  20  1:38  Marine  
  20  1:39  Command Center  
  21  1:48  Orbital Command  
  21  2:14  Factory  
  21  2:26  Refinery  
  21  2:28  Marine  
  23  2:30  SCV  
  23  2:43  Bunker  
  23  2:50  SCV  
  24  2:54  Orbital Command  
  24  2:55  Supply Depot  
  24  3:00  Factory Tech Lab  
  24  3:06  Marine  
  24  3:10  SCV  
  26  3:19  Factory  
  26  3:21  SCV  
  26  3:22  SCV  
  26  3:23  Marine  
  26  3:26  Siege Tank  
  32  3:40  SCV  
  32  3:41  Refinery, Marine, SCV  
  34  3:42  Refinery  
  35  3:53  Starport, SCV  
  37  3:55  SCV  
  37  3:59  Marine  
  38  4:05  SCV  
  38  4:07  SCV  
  38  4:08  Factory Reactor  
  40  4:11  Factory Tech Lab  
  41  4:17  Marine, SCV  
  42  4:26  Factory  
  42  4:30  Supply Depot, SCV  
  43  4:33  Siege Tank  
  46  4:42  Supply Depot  
  46  4:43  Supply Depot  
  46  4:45  Starport Reactor  
  46  4:51  Widow Mine, Marine, SCV  
  50  5:04  Widow Mine  
  50  5:06  SCV x2  
  54  5:09  Marine  
  55  5:18  SCV x2  
  55  5:19  Engineering Bay  
  55  5:20  Siege Tank, Factory Reactor  
  60  5:24  Viking  
  60  5:27  Marine  
  63  5:30  SCV x2  
  65  5:38  Medivac  
  65  5:42  SCV x2  
  68  5:45  Marine  
  68  5:49  Command Center  
  70  5:52  Missile Turret  
  70  5:54  Missile Turret  
  70  6:16  Supply Depot  
  70  6:18  Supply Depot  
  70  6:20  Supply Depot  
  70  6:23  Liberator  
  70  6:24  Factory  
  70  6:36  Liberator  
  70  6:37  Siege Tank x2, Marine, SCV, Infernal Pre-Igniter  
  78  6:40  SCV  
  78  6:43  Armory  
  82  6:49  SCV  
  82  6:52  SCV  
  87  6:58  Hellion x2  
  91  7:01  SCV  
  91  7:04  SCV  
  91  7:05  Liberator  
  93  7:09  Factory Reactor  
  93  7:13  SCV  
  94  7:16  SCV  
  94  7:19  Supply Depot x2  
  95  7:23  Supply Depot  
  98  7:53  SCV  
  99  8:03  Hellbat  
  99  8:04  Hellbat x4  
  99  8:05  Medivac x2  
  113  8:15  Thor  
  113  8:17  Liberator  
  113  8:18  Liberator  
  119  8:22  Orbital Command  
  119  8:40  SCV  
  126  8:56  Hellbat  
  126  8:57  Hellbat x2  
  126  9:01  Terran Vehicle Weapons Level 1  
  132  9:10  Refinery  
  132  9:11  Refinery  
  132  9:17  SCV  
  133  9:45  Supply Depot  
  133  9:46  Supply Depot  
  133  9:47  Supply Depot  
  133  9:49  Command Center  
  133  10:05  Supply Depot  
  133  10:06  Medivac, SCV x2, Viking  
  141  10:07  Hellbat, Supply Depot  
  141  10:08  Hellbat x4, Supply Depot, SCV  
  141  10:09  Hellbat  
  152  10:22  Command Center  
  154  10:28  Hellbat, Factory  
  154  10:29  Siege Tank  
  154  10:30  Siege Tank  
  154  10:34  Starport  
  160  10:36  Medivac x2  
  164  10:49  Liberator x2  
  164  11:00  Terran Ship Weapons Level 1  
  164  11:02  Siege Tank x2  
  170  11:10  Armory  
  170  11:11  Orbital Command  
  176  11:13  Armory  
  176  11:14  Starport Reactor  
  176  11:37  Liberator x3  
  176  11:49  Factory Reactor, Orbital Command  
  176  11:50  Refinery  
  179  11:54  Refinery  
  179  11:55  Thor x2  
  179  11:57  Hellbat  
  199  12:03  Terran Vehicle And Ship Armor Level 1  
  199  12:24  Orbital Command  
  199  12:55  SCV  
  160  13:15  Hellbat x3  
  160  13:16  Hellbat x2  
  149  13:22  Liberator  
  149  13:23  Liberator x2  
  147  13:30  Hellion x3  
  148  13:37  Hellion x2  
  148  13:39  Medivac  
  163  13:42  Hellbat x3  
  169  13:51  Hellbat x2  
  169  13:52  Liberator, Hellbat  
  175  13:58  Hellbat x2  
  179  14:04  Hellbat x3  
  179  14:05  Liberator  
  179  14:06  Liberator  
  188  14:22  Medivac  
  187  14:35  Liberator  
  148  15:09  Hellbat x2  
  148  15:10  Hellbat x2  
  148  15:11  Siege Tank  
  137  16:16  Marine  
  126  16:34  Marine  
Show
View Real Time Build Order
Export as new Build Order

Jhyrachy Zerg 

Build Orders: Hatch First 

Get SALT Encoding   

  12  0:01  Drone  
  13  0:08  Drone  
  14  0:17  Overlord  
  15  0:35  Drone x2  
  15  0:36  Drone  
  17  0:58  Hatchery  
  17  1:03  Drone  
  17  1:04  Drone  
  18  1:08  Extractor  
  18  1:10  Drone  
  18  1:20  Spawning Pool  
  17  1:35  Drone x2  
  19  1:53  Overlord  
  19  2:00  Drone  
  20  2:06  Drone  
  21  2:11  Metabolic Boost  
  21  2:17  Zergling x4  
  21  2:21  Queen x2  
  27  2:34  Extractor  
  27  2:35  Drone x3  
  29  2:39  Drone  
  30  3:13  Drone  
  30  3:14  Drone x5  
  36  3:41  Overlord  
  36  3:42  Overlord x2  
  36  4:03  Queen  
  36  4:04  Queen  
  36  4:09  Drone x4  
  44  4:10  Drone x2  
  44  4:12  Hatchery, Overlord x3  
  44  4:16  Drone x3  
  48  4:17  Overlord  
  47  4:34  Extractor  
  46  4:40  Lair  
  46  4:41  Drone  
  46  4:42  Drone x2  
  49  5:00  Roach Warren  
  48  5:39  Evolution Chamber  
  47  5:44  Glial Reconstitution  
  47  5:47  Evolution Chamber  
  46  5:54  Roach x7  
  46  5:55  Roach x14  
  88  6:23  Pneumatized Carapace  
  88  6:32  Drone  
  89  6:33  Overlord x2  
  89  6:34  Overlord  
  89  6:40  Zerg Ground Armor Level 1, Zerg Missile Weapons Level 1  
  89  6:47  Extractor  
  88  6:58  Overlord  
  88  6:59  Overlord  
  88  7:03  Drone x10  
  98  7:26  Drone x2  
  98  7:27  Drone x2  
  103  7:30  Drone x6  
  103  7:34  Extractor  
  107  7:38  Roach x6  
  107  7:40  Ravager x2  
  121  7:46  Overlord  
  121  8:11  Ravager  
  121  8:12  Ravager x7  
  129  8:21  Extractor  
  129  8:23  Drone  
  122  8:38  Overseer  
  121  9:03  Ravager x8  
  121  9:07  Overlord x3  
  129  9:18  Zerg Missile Weapons Level 2  
  128  9:35  Ravager x5  
  133  9:56  Ravager x4  
  137  10:13  Roach x3  
  137  10:14  Roach x5  
  153  10:15  Overlord x4  
  153  10:36  Overlord x2  
  153  10:37  Overlord  
  153  10:38  Roach  
  153  10:39  Hatchery, Roach x15  
  184  10:59  Overseer x3  
  184  11:07  Ravager  
  184  11:08  Ravager x5  
  190  11:12  Overseer  
  190  11:17  Drone x4  
  190  11:18  Drone x5  
  199  11:31  Extractor, Zerg Ground Armor Level 2  
  74  13:39  Roach x12  
  74  13:40  Roach x15  
  119  13:58  Roach x4  
  127  14:08  Ravager x2  
  127  14:09  Ravager x20  
  151  14:10  Ravager x2  
  151  14:16  Ravager x3  
  63  15:02  Roach x7  
  63  15:03  Roach x15  
  86  15:39  Ravager x6  
  84  15:43  Ravager x4  
  84  15:44  Ravager x6  
  49  16:45  Spine Crawler  
Tags
 
Add a new tag
Caveats
  • Supply blocks, unpowered buildings, or Contaminate may cause inaccurate times.
  • Supply counts are checked every 10 seconds.